[Event "*** Titled Tuesday Blitz"]
[Site "Chess.com"]
[Date "2021.03.02"]
[Round "1"]
[White "mjray79"]
[Black "FMLorneTwitch"]
[Result "1-0"]
[WhiteElo "2486"]
[BlackElo "1966"]
[TimeControl "180+1"]
[EndTime "10:07:01 PST"]
[Termination "mjray79 won on time"]

1. d4 Nf6 2. c4 e6 3. g3 d5 4. Bg2 Be7 5. Nf3 O-O 6. O-O dxc4 7. Qc2 c5 8. dxc5 Nbd7 9. Rd1 Qa5 10. Qxc4 Bxc5 11.
Nc3 Qb4 12. Qxb4 Bxb4 13. Bf4 Nb6 14. Nb5 Nbd5 15. Bd6 Bxd6 16. Nxd6 Rb8 17. e4 Nb4 18. Ne5 Nc6 19. Nxc6 bxc6 20. Nxc8 Rfxc8 21. b3 Kf8 22.
Rac1 Ke7 23. Rc5 Rb5 24. Rc4 e5 25. Rdc1 Kd6 26. Rd1+ Ke7 27. f4 Rc7 28. Bf1 Ra5 29. a4 Ng4 30. Rc3 h5 31. Ra1 exf4 32. b4 Re5 33.
Re1 fxg3 34. h3 Nf6 35. Rxg3 g6 36. Rge3 Rd7 37. Bd3 Rd4 38. b5 cxb5 39. axb5 Nd7 40. Ra1 Nb6 41. Rxa7+ Ke6 42. Bc2 Nc4 43. Rf3 f6 44. Ra6+ Rd6 45. Bb3 Rxe4 46. Rc3 1-0

[Event "*** Titled Tuesday Blitz"]
[Site "Chess.com"]
[Date "2021.03.02"]
[Round "1"]
[White "anskam"]
[Black "grunbergmihai"]
[Result "0-1"]
[WhiteElo "1760"]
[BlackElo "2480"]
[TimeControl "180+1"]
[EndTime "10:07:01 PST"]
[Termination "grunbergmihai won on time"]

1. e4 e5 2. Nf3 Nc6 3. Bb5 Nf6 4.
O-O Bc5 5. d3 d6 6. c3 O-O 7.
Bg5 Bg4 8. h3 Bh5 9. g4 Bg6 10.
Re1 a6 11. Ba4 b5 12. Bc2 h6 13. Bh4 Bh7 14. a3 Bb6 15. d4 exd4 16. cxd4 Re8 17. Nc3 g5 18. Bg3 Qd7 19. e5 dxe5 20. Bxh7+ Nxh7 21.
dxe5 Rad8 22. Qxd7 Rxd7 23. Ne4 Red8 24. Rac1 Nd4 25.
Nxd4 Bxd4 26. Rc2 Kg7 27. Rec1 Nf8 28. Rxc7 Bxb2 29. R1c2 Rxc7 30. Rxc7 Bxa3 31. Ra7 Ne6 32. Rxa6 Be7 33. Ra7 Kf8 34. Nf6 b4 35. Rb7 Nd4 36. h4 gxh4 37. Bxh4 Nf3+ 38. Kg2 Nxh4+ 0-1

[Event "*** Titled Tuesday Blitz"]
[Site "Chess.com"]
[Date "2021.03.02"]
[Round "1"]
[White "muchojogo"]
[Black "PaulfromSPb"]
[Result "0-1"]
[WhiteElo "2354"]
[BlackElo "2677"]
[TimeControl "180+1"]
[EndTime "10:07:02 PST"]
[Termination "PaulfromSPb won by resignation"]

1. e4 c5 2. Nf3 d6 3. d4 cxd4 4. Nxd4 Nf6 5. Nc3 a6 6. Bg5 Nc6 7. f4 e6 8. Qd2 Bd7 9. O-O-O b5 10. Bxf6 gxf6 11. Kb1 Qb6 12. Nxc6 Bxc6 13. f5 h5 14.
fxe6 fxe6 15. Qe1 O-O-O 16. Bd3 Bh6 17. Rf1 Rdf8 18. Ne2 Qc5 19. a3 Qe5 20. Qa5 Kb7 21. g3 h4 22. Qe1 hxg3 23. hxg3 Rhg8 24. Nf4 Rg7 25. Qe3 Rfg8 26. Rg1 f5 27. Rde1 Rxg3 28. Rxg3 Bxf4 29. Qxf4 Qxf4 30. Rxg8 fxe4 31. Be2 Qf2 32. Rgg1 Kb6 33. Rgf1 Qc5 34. Rd1 Qe5 35. Rd2 d5 36.
Re1 e3 37. Rdd1 d4 38. Bd3 Bf3 39. Rc1 Qf4 40. c3 e5 41. cxd4 exd4 42. Ka2 Bd5+ 43.
Ka1 Be4 44. Bf1 d3 45. Rcd1 d2 46. Re2 Bc2 0-1

[Event "*** Titled Tuesday Blitz"]
[Site "Chess.com"]
[Date "2021.03.02"]
[Round "1"]
[White "lamomiablanca"]
[Black "Gahan-MG"]
[Result "0-1"]
[WhiteElo "2325"]
[BlackElo "2632"]
[TimeControl "180+1"]
[EndTime "10:07:02 PST"]
[Termination "Gahan-MG won by resignation"]

1. e4 c5 2. d3 Nc6 3. g3 Nf6 4. Bg2 e6 5. Nf3 d5 6. Qe2 Be7 7. a4 O-O 8. O-O Re8 9. Bf4 Qb6 10. Bc1 Bd7 11. Re1 dxe4 12. dxe4 Nd4 13. Nxd4 cxd4 14. Nd2 Rac8 15. Nc4 Qa6 16. b3 Bb4 17. Bd2 Bxd2 18. Qxd2 e5 19. f4 exf4 20. gxf4 Be6 21. e5 Bxc4 22. exf6 Be6 23. fxg7 d3 24. cxd3 Qb6+ 25. Kh1 Qd4 26. Be4 Bxb3 27. Qe2 Rc2 28. Bxh7+ Kxh7 29. Qh5+ Kxg7 30. Rg1+ Kf8 31. Rae1 Bd5+ 32. Re4 Rxe4 33. dxe4 Bxe4+ 0-1

[Event "*** Titled Tuesday Blitz"]
[Site "Chess.com"]
[Date "2021.03.02"]
[Round "1"]
[White "SHIVACalypso"]
[Black "Thjop"]
[Result "0-1"]
[WhiteElo "2340"]
[BlackElo "2652"]
[TimeControl "180+1"]
[EndTime "10:07:03 PST"]
[Termination "Thjop won by resignation"]

1. Nf3 Nf6 2. c4 g6 3. g3 Bg7 4.
Bg2 O-O 5. O-O d6 6. Nc3 Nc6 7. Rb1 a5 8. a3 e5 9. d3 Nd4 10. b4 axb4 11. axb4 Bg4 12. Nxd4 exd4 13. Nb5 c5 14.
Bxb7 Ra2 15. Rb2 Ra1 16. Qc2 Re8 17. Bf3 Bxf3 18. exf3 Qd7 19. Ra2 Rxa2 20. Qxa2 h5 21.
Bf4 Bf8 22. Qa6 Re6 23. Qa8 Re8 24. Qa6 Re6 25. Qa7 Qxa7 26. Nxa7 cxb4 27. Nc6 d5 28. Nxd4 Ra6 29. Rb1 Ra3 30. Rb3 dxc4 31. dxc4 Nd7 32. Bd2 Ne5 33. Nc2 Rxb3 0-1

[Event "*** Titled Tuesday Blitz"]
[Site "Chess.com"]
[Date "2021.03.02"]
[Round "1"]
[White "GelmanAlexander"]
[Black "andy_rekt"]
[Result "0-1"]
[WhiteElo "2550"]
[BlackElo "2279"]
[TimeControl "180+1"]
[EndTime "10:07:03 PST"]
[Termination "andy_rekt won by resignation"]

1. d4 e6 2. Nc3 d5 3. Bf4 Nf6 4. Nb5 Na6 5. e3 c6 6. Nc3 Nb8 7. Nf3 Nbd7 8. Ne5 Be7 9. Qf3 O-O 10. g4 Nxe5 11. Bxe5 Nd7 12. Bg3 f6 13. O-O-O e5 14.
Kb1 e4 15. Qg2 b5 16. h4 Nb6 17. f3 b4 18. Ne2 Nc4 19. Bf2 exf3 20. Qxf3 f5 21.
g5 Nd6 22. Bg3 Ne4 23. Nf4 a5 24. Bd3 a4 25. Bxe4 fxe4 26. Qe2 b3 27. cxb3 axb3 28. a3 Bxa3 29. bxa3 Rxa3 30. Qd2 Ba6 31. Qb4 Ra5 32. Kb2 Ra2+ 33. Kxb3 Bc4+ 34. Kc3 Qa8 35. Ne6 Rf3 36.
Bf4 Ra3+ 37. Kd2 Rf2+ 38. Ke1 Re2+ 39. Kf1 Rb2+ 40. Qxc4 dxc4 41. Rh2 Rxh2 42. Bxh2 Ra1 43. Rxa1 Qxa1+ 44. Kf2 Qb2+ 45. Kg3 c3 0-1

[Event "*** Titled Tuesday Blitz"]
[Site "Chess.com"]
[Date "2021.03.02"]
[Round "1"]
[White "Piotrek1979"]
[Black "Volodar_Murzin"]
[Result "0-1"]
[WhiteElo "2364"]
[BlackElo "2694"]
[TimeControl "180+1"]
[EndTime "10:07:05 PST"]
[Termination "Volodar_Murzin won by resignation"]

1. e4 c5 2. Nf3 d6 3. d4 cxd4 4.
Qxd4 a6 5. Be3 Nc6 6. Qb6 Qxb6 7. Bxb6 Nf6 8. Nc3 Bg4 9. Nd4 e5 10. Nb3 Rc8 11. f3 Be6 12. O-O-O Be7 13. Kb1 O-O 14. Be2 Nb8 15. Rd2 Nbd7 16. Be3 b5 17. Rhd1 Rfd8 18. Na5 Nc5 19. g4 h6 20. Nd5 Nxd5 21. exd5 Bd7 22.
Bd3 Bg5 23. Bxg5 hxg5 24. h3 g6 25. Be2 Kg7 26. Bf1 Rh8 27. Nb3 Na4 28. Nc1 f5 29. Nd3 Kf6 30. Nb4 Nc5 31. b3 e4 32. Nc6 exf3 33. Kb2 fxg4 34. hxg4 Bxg4 35. Nd4 Bh5 36. Ne6 g4 37. Rd4 Nxe6 38. dxe6 g3 39. Rf4+ Kg5 40. Rf7 g2 41. Bd3 Rhf8 42. Rg1 Rxf7 43. exf7 Kf4 0-1

[Event "*** Titled Tuesday Blitz"]
[Site "Chess.com"]
[Date "2021.03.02"]
[Round "1"]
[White "ChessteacherPalmS"]
[Black "Rodalquilar"]
[Result "1-0"]
[WhiteElo "2350"]
[BlackElo "2628"]
[TimeControl "180+1"]
[EndTime "10:07:05 PST"]
[Termination "ChessteacherPalmS won by resignation"]

1. d4 d5 2. c4 e6 3. Nc3 a6 4. Nf3 Nf6 5. Bg5 dxc4 6. e4 b5 7. e5 h6 8. Bh4 g5 9. Nxg5 hxg5 10. Bxg5 Be7 11. exf6 Bxf6 12. Qf3 Bxg5 13. Qxa8 Qxd4 14.
Rd1 Qb6 15. Qf3 c6 16. Ne4 a5 17. Nxg5 Qc7 18. Ne4 f5 19. Nd6+ Kf8 20. Qe3 Rh7 21.
Nxc8 Qxc8 22. Qb6 Nd7 23. Qxa5 Qb8 24. Be2 Ke7 25. Qb4+ c5 26. Rxd7+ Kxd7 27. Qxc5 Ke8 28. Bf3 Kf7 29. g3 Kg6 30. O-O Rc7 31. Qe5 Qb6 32. Re1 Kf7 33. h4 Rd7 34. Bh5+ Ke7 35. Qg7+ Kd6 36.
Rd1+ Kc5 37. Qxd7 Kb4 38. Qd6+ 1-0

[Event "*** Titled Tuesday Blitz"]
[Site "Chess.com"]
[Date "2021.03.02"]
[Round "1"]
[White "ChessFighter1975"]
[Black "Ginger_GM"]
[Result "1/2-1/2"]
[WhiteElo "2335"]
[BlackElo "2628"]
[TimeControl "180+1"]
[EndTime "10:07:05 PST"]
[Termination "Game drawn by repetition"]

1. d4 e6 2. c4 f5 3. g3 Nf6 4. Bg2 Be7 5. Nf3 O-O 6. O-O d6 7. Nc3 a5 8. Rb1 Qe8 9. Qc2 Nc6 10. a3 e5 11. dxe5 dxe5 12. e4 Qh5 13. Nd5 fxe4 14.
Nxe7+ Nxe7 15. Nd2 Bh3 16. Nxe4 Ng4 17. f3 Bxg2 18. Qxg2 Nf6 19. Nxf6+ gxf6 20. Be3 Nf5 21. Bc5 Qg6 22. Rbd1 Rfd8 23. Qe2 b6 24. Bf2 c5 25.
Rd5 Ne7 26. Rxd8+ Rxd8 27. Rd1 Qe8 28. f4 Nc6 29. Rxd8 Qxd8 30. fxe5 Nxe5 31. Qe4 Qd3 32. Qa8+ Kg7 33. Qb7+ Kg6 34. Qxb6 Nf3+ 35. Kg2 Qe4 36. Kf1 Ne5 37. Qxc5 Qh1+ 38. Bg1 Qf3+ 39. Qf2 Qd1+ 40.
Kg2 Qd3 41. c5 Qe4+ 42. Kf1 Qb1+ 43. Kg2 Qe4+ 44. Kf1 Qb1+ 45. Kg2 Qe4+ 1/2-1/2

[Event "*** Titled Tuesday Blitz"]
[Site "Chess.com"]
[Date "2021.03.02"]
[Round "1"]
[White "Kretov_Evgenij"]
[Black "MillyNeuf"]
[Result "1-0"]
[WhiteElo "2595"]
[BlackElo "2282"]
[TimeControl "180+1"]
[EndTime "10:07:05 PST"]
[Termination "Kretov_Evgenij won on time"]

1. d4 Nf6 2. c4 e6 3. Nc3 Bb4 4. Bg5 O-O 5. e3 d5 6. cxd5 exd5 7. Bd3 c6 8. Ne2 h6 9. Bh4 Nbd7 10. O-O Re8 11.
a3 Bd6 12. b4 Nf8 13. Bg3 Bxg3 14. Nxg3 a6 15. Qc2 Be6 16. a4 Qd7 17. b5 axb5 18. axb5 h5 19. bxc6 bxc6 20. Na4 h4 21. Nb6 Qb7 22. Rxa8 Rxa8 23. Nxa8 hxg3 24. Qa4 gxh2+ 25. Kxh2 Ng4+ 26. Kg1 Qe7 27. Qa5 Qh4 28. Qc7 Nd7 29.
Qd6 g6 30. Be2 Nde5 31. Bxg4 Nxg4 32. Nc7 Bf5 33. Ne8 Bd3 34. f3 1-0

[Event "*** Titled Tuesday Blitz"]
[Site "Chess.com"]
[Date "2021.03.02"]
[Round "1"]
[White "Joseacorrea"]
[Black "turayev_shahruh17"]
[Result "0-1"]
[WhiteElo "2071"]
[BlackElo "2501"]
[TimeControl "180+1"]
[EndTime "10:07:05 PST"]
[Termination "turayev_shahruh17 won by checkmate"]

1. c4 g6 2. Nc3 Bg7 3. g3 c6 4.
Bg2 Nf6 5. d4 d5 6. Nf3 O-O 7.
cxd5 cxd5 8. O-O Bf5 9. Bf4 Nc6 10. Qd2 Ne4 11. Qe3 Rc8 12. Rac1 e6 13. Rfd1 Qb6 14. b3 Qa6 15. h3 h5 16. a4 Nxc3 17. Rxc3 Be4 18. Ne5 Bxg2 19. Kxg2 Bxe5 20. Bxe5 Nxe5 21.
Rxc8 Rxc8 22. Qxe5 Qb6 23. Rd3 Qc7 24. Qf6 Qd8 25.
Qxd8+ Rxd8 26. Rc3 Rd7 27. f4 Kf8 28. Kf3 Ke7 29. g4 hxg4+ 30. hxg4 Kd8 31. f5 gxf5 32. gxf5 Ke7 33. Kf4 Kf6 34. fxe6 fxe6 35. e4 dxe4 36. Kxe4 Rh7 37. Rf3+ Ke7 38. d5 Rh4+ 39. Rf4 exd5+ 40. Ke5 Rxf4 41. Kxf4 Kd6 42. Ke3 Kc5 43. Kd3 Kb4 44.
Kd4 Kxb3 45. a5 Ka4 46. a6 bxa6 47. Kxd5 Kb3 48. Kc5 a5 49. Kb5 a4 50. Ka6 a3 51.
Kb7 a2 52. Ka8 a1=Q 53. Kb8 Qg7 54. Ka8 Kb4 55. Kb8 Kb5 56. Ka8 Kb6 57. Kb8 Qg8# 0-1

[Event "*** Titled Tuesday Blitz"]
[Site "Chess.com"]
[Date "2021.03.02"]
[Round "1"]
[White "CHENNAIBOND"]
[Black "djano"]
[Result "0-1"]
[WhiteElo "1733"]
[BlackElo "2479"]
[TimeControl "180+1"]
[EndTime "10:07:05 PST"]
[Termination "djano won by resignation"]

1. e4 c5 2. Nf3 g6 3. d4 cxd4 4.
Nxd4 Bg7 5. c4 Nc6 6. Be3 Nf6 7.
Nc3 Ng4 8. Qxg4 Nxd4 9. Qd1 e5 10. Be2 O-O 11. O-O d6 12. Qd2 Be6 13. Bxd4 exd4 14.
Nb5 Qb6 15. Rfd1 d3 16. Bxd3 Rac8 17. Rac1 Kh8 18. Be2 Rcd8 19. Nxd6 Qxb2 20. Qxb2 Bxb2 21.
Rb1 Be5 22. Nxb7 Rc8 23. c5 Bxa2 24. Rbc1 Bb3 25. Rd3 Ba4 26. Bd1 Bb5 27. Rb3 Bc6 28. f3 Bf4 29. Rcb1 Bxb7 30. Rxb7 Be3+ 31. Kf1 Bxc5 32. Bb3 Kg7 33. Rc1 a5 34. Ba4 Bb4 35.
Rcc7 Rxc7 36. Rxc7 Kf6 37. Ke2 Ke5 38. Kd3 Kd6 39.
Rc6+ Ke7 40. Kd4 Rd8+ 41. Ke5 Bd6+ 42. Kd5 Bxh2+ 43. Kc4 Bd6 44. Rc7+ Bxc7 45. Kc5 Bd6+ 46. Kc6 Bb4 47. Kb5 Rd2 48. Kb6 Rxg2 49. Kc6 Rf2 50.
Kb5 Rxf3 51. Kb6 0-1

[Event "*** Titled Tuesday Blitz"]
[Site "Chess.com"]
[Date "2021.03.02"]
[Round "1"]
[White "leejunhyeok"]
[Black "Alniro4"]
[Result "0-1"]
[WhiteElo "2588"]
[BlackElo "2314"]
[TimeControl "180+1"]
[EndTime "10:07:06 PST"]
[Termination "Alniro4 won by resignation"]

1. e4 e5 2. Nf3 Nf6 3. Nxe5 d6 4. Nf3 Nxe4 5. d4 d5 6. Bd3 Nc6 7. O-O Bg4 8. c4 Nf6 9. Nc3 Bxf3 10. Qxf3 Nxd4 11. Qe3+ Ne6 12. cxd5 Nxd5 13. Nxd5 Qxd5 14.
Be4 Qb5 15. a4 Qa6 16. Qf3 c6 17. Bf5 O-O-O 18. Re1 Qa5 19. Bg5 Rd5 20. g4 Rxf5 21. gxf5 Nxg5 22. Re8+ Kc7 23. Rd1 Nxf3+ 24. Kg2 Nh4+ 25.
Kh3 Qxf5+ 26. Kxh4 Qf4+ 27. Kh3 Qf3+ 28. Kh4 Qxd1 29. h3 Qd8+ 30. Rxd8 Kxd8 0-1

[Event "*** Titled Tuesday Blitz"]
[Site "Chess.com"]
[Date "2021.03.02"]
[Round "1"]
[White "ENajer77"]
[Black "pavelalexandru07"]
[Result "1-0"]
[WhiteElo "2591"]
[BlackElo "2279"]
[TimeControl "180+1"]
[EndTime "10:07:06 PST"]
[Termination "ENajer77 won by resignation"]

1. d4 Nf6 2. c4 c5 3. d5 e6 4. Nc3 exd5 5. cxd5 d6 6. Nf3 g6 7. e4 Bg7 8. Be2 O-O 9. Nd2 Re8 10.
O-O a6 11. a4 Nbd7 12. Qc2 b6 13. Nc4 Ne5 14. Nxe5 Rxe5 15. Bf4 Re8 16. Rfe1 Qc7 17. h3 Rb8 18. Bc4 Bd7 19. Bxa6 Nh5 20. Bh2 Be5 21. Bb5 Bxh2+ 22. Kxh2 Rf8 23. Rad1 g5 24. e5 Rbe8 25. e6 Bxb5 26. Nxb5 Qe7 27. Kg1 Rd8 28. Re3 Nf4 29. g3 Ng6 30. Rde1 f6 31. Kg2 f5 32. Rf3 f4 33.
Qe4 Ne5 34. Rc3 Qf6 35. Rc2 f3+ 36. Kh2 Kh8 37. Nxd6 Rxd6 38. Qxe5 Qxe5 39. Rxe5 1-0

[Event "*** Titled Tuesday Blitz"]
[Site "Chess.com"]
[Date "2021.03.02"]
[Round "1"]
[White "eduardoperalta"]
[Black "NicholasTakano"]
[Result "1-0"]
[WhiteElo "2536"]
[BlackElo "2220"]
[TimeControl "180+1"]
[EndTime "10:07:06 PST"]
[Termination "eduardoperalta won by resignation"]

1. d4 Nf6 2. c4 g6 3. Nc3 Bg7 4.
e4 d6 5. f3 O-O 6. Bg5 c5 7.
d5 a6 8. a4 Qa5 9. Qd2 Bd7 10.
Ra3 Qc7 11. Nge2 e6 12. Nc1 exd5 13. cxd5 Re8 14. Be2 Bc8 15. O-O Nbd7 16. Kh1 Ne5 17. a5 Bd7 18. f4 Neg4 19. h3 Nh6 20. f5 Nxf5 21. exf5 Bxf5 22. Bxf6 Bxf6 23. g4 Bxc3 24. Rxc3 Be4+ 25. Bf3 Qxa5 26. Qf2 Qb4 27. Rb3 Qd4 28.
Qxd4 cxd4 29. Bxe4 Rxe4 30. Rxb7 Rf8 31. Kg2 Re5 32. Nd3 Rxd5 33. Rc1 Re8 34. Rcc7 Rf8 35. h4 h5 36. g5 Rf5 37. Rd7 Re8 38. Rxd6 Re2+ 39.
Kg1 Re3 40. Rxd4 Rg3+ 41. Kh2 Rff3 42. Nf4 Rg4 43. Rbb4 Rxh4+ 44. Kg2 Re3 45. Rb8+ Kg7 46. Ne6+ Rxe6 47. Rxh4 Re5 48. Rf4 Rxg5+ 49. Kf3 Rc5 50. Rb7 Rc2 51. Rfxf7+ Kh6 52. Rf6 Kg5 53. Rxa6 h4 54.
Ra5+ Kh6 55. b4 h3 56. Ra1 Kh5 57. Rh1 Rc3+ 58. Kf4 g5+ 59. Kf5 Kh4 60. Rh7+ Kg3 61. R7xh3+ Kf2 62. Rxc3 1-0

[Event "*** Titled Tuesday Blitz"]
[Site "Chess.com"]
[Date "2021.03.02"]
[Round "1"]
[White "kleopl"]
[Black "Trovita84"]
[Result "1-0"]
[WhiteElo "2489"]
[BlackElo "2026"]
[TimeControl "180+1"]
[EndTime "10:07:06 PST"]
[Termination "kleopl won by resignation"]

1. c4 c6 2. Nf3 Nf6 3. b3 g6 4.
Bb2 Bg7 5. e3 d5 6. Be2 O-O 7.
O-O Re8 8. d4 Nbd7 9. Nbd2 Ne4 10. Nxe4 dxe4 11. Nd2 f5 12. Qc2 Nf6 13. Rfd1 Be6 14.
Rac1 Rc8 15. Nb1 Qc7 16. Qd2 Red8 17. Qb4 a5 18. Qe1 Qb6 19. Nc3 Bf7 20. Na4 Qc7 21.
c5 Nd5 22. Bc4 f4 23. Bxd5 Bxd5 24. Nb6 Rb8 25. Bc3 f3 26. g3 e6 27. Bxa5 Qf7 28.
Nxd5 Rxd5 29. a4 Rh5 30. Qf1 Qf5 31. Bc7 Rf8 32. Bd6 Rf7 33. b4 Rh3 34. Kh1 Qh5 35. Qg1 Rf5 36. b5 cxb5 37. axb5 Qg4 38. c6 bxc6 39.
bxc6 Rfh5 40. c7 h6 41. c8=Q+ Kh7 42. Qc4 g5 43. Be5 Bxe5 44. dxe5 Kg6 45. Rd6 Rxh2+ 46.
Qxh2 Rxh2+ 47. Kxh2 Qh5+ 48. Kg1 Qh3 49. Qxe6+ 1-0

[Event "*** Titled Tuesday Blitz"]
[Site "Chess.com"]
[Date "2021.03.02"]
[Round "1"]
[White "TheBigBoss04"]
[Black "sau6on"]
[Result "1-0"]
[WhiteElo "2743"]
[BlackElo "2339"]
[TimeControl "180+1"]
[EndTime "10:07:08 PST"]
[Termination "TheBigBoss04 won by checkmate"]

1. c4 e5 2. Nc3 Nc6 3. Nf3 Nf6 4. e3 Bb4 5. Qc2 O-O 6. Nd5 a5 7. Ng5 g6 8. h4 d6 9. a3 Bc5 10. b3 Bf5 11. Bd3 Bxd3 12. Qxd3 h6 13. Ne4 Nxe4 14.
Qxe4 f5 15. Qc2 Ne7 16. Nc3 d5 17. cxd5 Nxd5 18. Bb2 Nxc3 19. Qxc3 Bd6 20. d4 Re8 21. h5 g5 22. Qc4+ Kg7 23. dxe5 Bxe5 24. Rd1 Qf6 25. Bxe5 Qxe5 26. O-O Ra6 27. Rd7+ Re7 28. Rfd1 Rc6 29. Rxe7+ Qxe7 30. Qd4+ Kh7 31. Qd5 Qf6 32. Qd7+ Qg7 33. Qxf5+ Kg8 34. Rd8+ Qf8 35. Qxf8+ Kh7 36. Qg8# 1-0

[Event "*** Titled Tuesday Blitz"]
[Site "Chess.com"]
[Date "2021.03.02"]
[Round "1"]
[White "ViktoriyaTarasova"]
[Black "hellokostya"]
[Result "0-1"]
[WhiteElo "2271"]
[BlackElo "2575"]
[TimeControl "180+1"]
[EndTime "10:07:09 PST"]
[Termination "hellokostya won by checkmate"]

1. d4 Nf6 2. c4 g6 3. Nc3 Bg7 4. e4 O-O 5. h3 d6 6. Be3 Na6 7. Nf3 c6 8. Be2 e5 9. d5 Nh5 10. g3 cxd5 11. cxd5 f5 12. exf5 gxf5 13. Bg5 Nf6 14. Qd2 Bd7 15. Nh4 Rc8 16. g4 Qb6 17. Nxf5 Bxf5 18. gxf5 Rxc3 19. bxc3 Ne4 20. Qe3 Qxe3 21.
Bxe3 Nxc3 22. Bxa6 bxa6 23. Rc1 Nxd5 24. Bxa7 Nf4 25.
Rc7 Rxf5 26. Kd2 Ne6 27. Rc8+ Kf7 28. Be3 d5 29. Ke2 d4 30. Bd2 e4 31. Rb1 d3+ 32. Kf1 Bd4 33. Rb7+ Kf6 34. Be1 e3 35. f3 d2 36.
Bh4+ Ke5 37. Bg3+ Kf6 38. Ke2 Rxf3 39. Bh4+ Ke5 40. Re8 Rxh3 41. Rbe7 Rh2+ 42. Kd1 Rh1+ 43. Kc2 d1=Q# 0-1

[Event "*** Titled Tuesday Blitz"]
[Site "Chess.com"]
[Date "2021.03.02"]
[Round "1"]
[White "HrvojeZagreb"]
[Black "andriipalchuk"]
[Result "0-1"]
[WhiteElo "2260"]
[BlackElo "2565"]
[TimeControl "180+1"]
[EndTime "10:07:10 PST"]
[Termination "andriipalchuk won by checkmate"]

1. d4 Nf6 2. Bf4 d5 3. e3 c5 4. Nc3 a6 5. dxc5 Nc6 6. Nf3 e6 7. Na4 Bxc5 8. Nxc5 Qa5+ 9. c3 Qxc5 10. Bd3 O-O 11.
O-O Qe7 12. Ne5 Nxe5 13. Bxe5 Nd7 14. Bg3 b5 15. Re1 Nc5 16. Bc2 Bb7 17. e4 Rfd8 18.
exd5 Bxd5 19. Qh5 g6 20. Qh6 Qf8 21. Qh4 f6 22. b4 Nd7 23. Bb3 Qf7 24. Bxd5 exd5 25.
Qd4 Rac8 26. Red1 Nf8 27. a4 Ne6 28. Qb6 bxa4 29. Rxa4 Rxc3 30. Rxa6 Re8 31. h3 Ng5 32. Qxf6 Qxf6 33. Rxf6 Ne4 34. Rf3 Rxf3 35. gxf3 Nc3 36. Rd3 d4 37. Kg2 Nb5 38. Rd2 Rc8 39. f4 Rc3 40. Rb2 Kf7 41. Kf1 d3 42. Ke1 Ke6 43. Kd2 Ra3 44. f5+ Kxf5 45. h4 Ke4 46. Rb1 Ra2+ 47.
Kd1 Nc3+ 48. Kc1 d2# 0-1

[Event "*** Titled Tuesday Blitz"]
[Site "Chess.com"]
[Date "2021.03.02"]
[Round "1"]
[White "kubal123"]
[Black "Bayernbk"]
[Result "0-1"]
[WhiteElo "2207"]
[BlackElo "2533"]
[TimeControl "180+1"]
[EndTime "10:07:11 PST"]
[Termination "Bayernbk won by resignation"]

1. d4 Nf6 2. c4 e6 3. Nf3 d5 4.
Nc3 c5 5. cxd5 Nxd5 6. e4 Nxc3 7. bxc3 cxd4 8. cxd4 Bb4+ 9. Bd2 Bxd2+ 10. Qxd2 O-O 11. Bc4 Nc6 12. O-O b6 13. Rad1 Bb7 14. Rfe1 Rc8 15. Bb3 Qe7 16. d5 Na5 17. d6 Qf6 18. Qd4 Rfd8 19. e5 Qg6 20. Nh4 Qg5 21. Re3 Rc5 22. Rde1 Nxb3 23. axb3 Rd5 24. Qa4 Ra5 25. Qb4 Bc6 26.
Rg3 Qh6 27. Qg4 Rxe5 28. Qxg7+ Qxg7 29. Rxg7+ Kxg7 30. Rxe5 Rxd6 31. h3 Rd1+ 32. Kh2 Rd3 33. Rg5+ Kf6 34. Rh5 Rxb3 35. Rxh7 a5 36. Rh6+ Kg7 37.
Rh5 a4 38. Rg5+ Kf6 39. Rg4 a3 40. Rc4 a2 41. Rc1 Rb1 42. Rxc6 a1=Q 0-1

[Event "*** Titled Tuesday Blitz"]
[Site "Chess.com"]
[Date "2021.03.02"]
[Round "1"]
[White "NTBT_DHS"]
[Black "JulianProleiko"]
[Result "1-0"]
[WhiteElo "2779"]
[BlackElo "2409"]
[TimeControl "180+1"]
[EndTime "10:07:12 PST"]
[Termination "NTBT_DHS won by checkmate"]

1. d4 Nf6 2. c4 e6 3. Nf3 d5 4. g3 Be7 5. Bg2 O-O 6. O-O dxc4 7. Qc2 a6 8. Qxc4 b5 9. Qc2 Bb7 10. Bd2 Be4 11. Qc1 b4 12. Bf4 Bd6 13.
Bg5 Nbd7 14. Nbd2 Bb7 15. e4 Be7 16. Re1 c5 17. e5 Nd5 18. Nc4 Bxg5 19. Nxg5 cxd4 20. Nd6 Qb6 21. Qc2 g6 22. Nxb7 Qxb7 23. Qe4 Kg7 24. Qxd4 Rac8 25. Rad1 N7b6 26. Qh4 h6 27.
Ne4 Qe7 28. Qg4 Rc2 29. Nd6 f5 30. Qd4 f4 31. Rc1 Rxc1 32. Rxc1 f3 33. Bf1 h5 34.
Rc6 Qg5 35. Rxb6 Nxb6 36. Qxb6 Qxe5 37. Qc7+ Kf6 38. h4 Qxb2 39. Ne4+ Kf5 40. Qf4# 1-0

[Event "*** Titled Tuesday Blitz"]
[Site "Chess.com"]
[Date "2021.03.02"]
[Round "1"]
[White "Julianos82"]
[Black "jacky72"]
[Result "0-1"]
[WhiteElo "2362"]
[BlackElo "2686"]
[TimeControl "180+1"]
[EndTime "10:07:12 PST"]
[Termination "jacky72 won by resignation"]

1. d4 Nf6 2. Nf3 g6 3. c4 Bg7 4. Nc3 O-O 5. e4 d6 6. Be2 Na6 7. O-O e5 8. Be3 c6 9. d5 Ng4 10. Bg5 f6 11. Bh4 c5 12. Ne1 h5 13. h3 Nh6 14.
Nd3 g5 15. Bg3 h4 16. Bh2 f5 17. exf5 Nxf5 18. Bg4 Nd4 19. Ne4 Bf5 20. Bxf5 Rxf5 21.
a3 Rb8 22. a4 Qe7 23. f3 Bh6 24.
a5 Rf7 25. Rb1 Nb4 26. Nxb4 cxb4 27. Qd3 b3 28. Rbe1 Rc8 29. Re2 Nxe2+ 30. Qxe2 Qc7 31. c5 dxc5 32. d6 Qc6 33. Qc4 Kf8 34. Rd1 Re8 35. Qxb3 c4 36. Qb4 Kg8 37. Rc1 b5 38. b3 Rc8 39.
bxc4 bxc4 40. Rc2 Bf8 41. Kf1 Qd5 42. Rd2 Qxe4 43. d7 Rd8 44. Qb5 c3 45. Re2 Qg6 46. Bxe5 c2 47. Qc4 Rxd7 48. Rxc2 Qd3+ 0-1

[Event "*** Titled Tuesday Blitz"]
[Site "Chess.com"]
[Date "2021.03.02"]
[Round "1"]
[White "suneebaker"]
[Black "Pilopa"]
[Result "0-1"]
[WhiteElo "2172"]
[BlackElo "2524"]
[TimeControl "180+1"]
[EndTime "10:07:12 PST"]
[Termination "Pilopa won by resignation"]

1. e4 Nc6 2. Nf3 d6 3. d4 Nf6 4.
Nc3 g6 5. h3 Bg7 6. Be3 a6 7. Qd2 b5 8. a3 O-O 9. Bd3 e5 10. d5 Ne7 11. Bh6 c6 12. dxc6 Nxc6 13. O-O Be6 14. Rfd1 Qe7 15. Bf1 Rfd8 16. Bg5 Qb7 17. b4 Rac8 18. Qe3 Rd7 19. Rd2 Nd4 20.
Nxd4 exd4 21. Rxd4 Nh5 22. Rad1 h6 23. Bh4 g5 24.
Bg3 Nxg3 25. Qxg3 Bxd4 26. Rxd4 Qc7 27. Nd5 Bxd5 28. Rxd5 Qc3 29. Rd3 Qf6 30. c3 Rc6 31. Qe3 Rdc7 32. Be2 Rxc3 33. Rxc3 Rxc3 34. Qa7 Rc1+ 35.
Kh2 Qf4+ 36. g3 Qxe4 37. Qb8+ Kg7 0-1

[Event "*** Titled Tuesday Blitz"]
[Site "Chess.com"]
[Date "2021.03.02"]
[Round "1"]
[White "AryanTari"]
[Black "Mihnea2017"]
[Result "1-0"]
[WhiteElo "2903"]
[BlackElo "2448"]
[TimeControl "180+1"]
[EndTime "10:07:13 PST"]
[Termination "AryanTari won by resignation"]

1. b3 e5 2. Bb2 Nc6 3. e3 Nf6 4.
Bb5 Bd6 5. Na3 e4 6. Nc4 Bc5 7. Bxc6 bxc6 8. Ne2 d5 9. Ne5 Bd7 10. O-O O-O 11. Ng3 Bd6 12. f4 exf3 13. Qxf3 Qe8 14.
Nxd7 Nxd7 15. Nf5 Be5 16. d4 Bf6 17. Ba3 c5 18. Qxd5 g6 19. Nh6+ Kg7 20. Ng4 h5 21. Nxf6 Qxe3+ 22. Kh1 Nxf6 23. Qxc5 Ng4 24. d5 Rfe8 25. h3 Qg3 26. Qd4+ Kg8 27. Qf4 Qxf4 28.
Rxf4 Ne3 29. Bc5 Nxd5 30. Rd4 Nb6 31. a4 Rad8 32. Rad1 Rxd4 33. Rxd4 Re2 34. a5 Rxc2 35.
axb6 Rxc5 36. Rd8+ Kg7 37. bxa7 1-0

[Event "*** Titled Tuesday Blitz"]
[Site "Chess.com"]
[Date "2021.03.02"]
[Round "1"]
[White "Ghost_Pepper"]
[Black "alexrustemov"]
[Result "0-1"]
[WhiteElo "2388"]
[BlackElo "2721"]
[TimeControl "180+1"]
[EndTime "10:07:13 PST"]
[Termination "alexrustemov won by resignation"]

1. e4 e6 2. d4 d5 3. Nc3 Bb4 4.
exd5 exd5 5. Bd3 Nc6 6. a3 Bxc3+ 7. bxc3 Nge7 8. Ne2 Bf5 9. Ng3 Bg6 10. O-O O-O 11. Re1 Qd7 12. Qf3 Na5 13. Rb1 b6 14.
a4 Rfe8 15. Ba3 Bxd3 16. cxd3 Ng6 17. Bb4 Nc6 18. Ba3 Re6 19. Rxe6 Qxe6 20. Nf5 Re8 21.
Ne3 Rd8 22. g3 Qd7 23. h4 h6 24. h5 Nge7 25. Kg2 Qe6 26. Re1 Rd7 27. Re2 f5 28. Kh2 Qf7 29. Ng2 Kh7 30. Nf4 Ng8 31. Ng6 Rd8 32. c4 Nxd4 33. Qe3 Nxe2 34. Qxe2 Nf6 35. c5 Nxh5 36. Ne5 Qe8 37. d4 Nf6 38. Qd3 Qe6 39.
Kg2 Re8 40. cxb6 cxb6 41. Qf3 Ng4 42. Qf4 Nxe5 43. dxe5 Qxe5 0-1